 Dungeon Crawl Stone Soup version 0.25-a0-109-ge9c0e85935 (webtiles) character file.

Game seed: 5916752986074246172, levelgen mode: deterministic

7457 vurker the Cleaver (level 11, 0/90 HPs)
             Began as a Formicid Abyssal Knight on Nov 18, 2019.
             Was a Priest of Lugonu.
             Slain by a death yak (18 damage)
             ... on level 8 of the Dungeon.
             The game lasted 00:20:22 (11754 turns).

vurker the Cleaver (Formicid Abyssal Knight)       Turns: 11754, Time: 00:20:23

Health: 0/90       AC: 13    Str: 23    XL:     11   Next: 37%
Magic:  18/18      EV:  3    Int: 11    God:    Lugonu [***...]
Gold:   815        SH:  5    Dex: 15    Spells: 10/10 levels left

rFire    + . .     SeeInvis +   b - +11 battleaxe of Irrepressible Laughter {flame, rPois SInv}
rCold    + . .     Gourm    .   l - +1 buckler
rNeg     . . .     Faith    .   q - +0 gold dragon scales of Disaster {*Corrode +Blink rElec rPois rF+ rC+ Stlth+}
rPois    +         Spirit   .   (helmet unavailable)
rElec    +         Reflect  .   (no cloak)
rCorr    .         Harm     .   (no gloves)
MR       +....                  (no boots)
Stlth    ..........             (no amulet)
HPRegen  0.25/turn              k - +5 ring of dexterity
MPRegen  0.16/turn              j - +2 ring of strength

@: no status effects
A: permanent stasis, dig shafts and tunnels, four strong arms, antennae 3
a: Dig, Shaft Self, Depart the Abyss, Bend Space, Banish, Renounce Religion


You were on level 8 of the Dungeon.
You worshipped Lugonu.
Lugonu was most pleased with you.
You were hungry.

You visited 1 branch of the dungeon, and saw 8 of its levels.
You visited the Abyss 1 time.
You also visited: Ossuary and Bailey.

You collected 815 gold pieces.

Inventory:

Hand Weapons
 b - the +11 battleaxe of Irrepressible Laughter (weapon) {flame, rPois SInv}
   (You found it on level 4 of the Dungeon)

   It has been specially enchanted to burn those struck by it, causing extra
   injury to most foes and up to half again as much damage against particularly
   susceptible opponents.
   Big, fiery blades are also staple armaments of hydra-hunters.
   It protects you from poison.
   It lets you see invisible.
 c - a +2 war axe of electrocution
   (You found it on level 4 of the Dungeon)
Missiles
 h - a throwing net (quivered)
Armour
 l - a +1 buckler (worn)
   (You found it on level 2 of the Dungeon)
 q - the +0 gold dragon scales of Disaster (worn) {*Corrode +Blink rElec rPois rF+ rC+ Stlth+}
   (You acquired it on level 8 of the Dungeon)

   It protects you from fire.
   It protects you from cold.
   It insulates you from electricity.
   It protects you from poison.
   It lets you blink.
   It may corrode you when you take damage.
   It makes you more stealthy.
Jewellery
 f - the ring of Ijoigas {Fire Int+2 Stlth+}
   (You found it on level 7 of the Dungeon)

   [ring of fire]

   It enhances your fire magic.
   It affects your intelligence (+2).
   It protects you from fire.
   It makes you vulnerable to cold.
   It makes you more stealthy.
 j - a +2 ring of strength (right hand)
   (You took it off a big kobold on level 7 of the Dungeon)
 k - a +5 ring of dexterity (left hand)
   (You found it on level 2 of the Dungeon)
Scrolls
 a - a scroll of enchant armour
 d - 2 scrolls of remove curse
 t - a scroll of identify
Potions
 i - a potion of magic
 m - a potion of cancellation {unknown}
 n - a potion of might
 p - a potion of lignification {unknown}
 r - 3 potions of curing
 v - 2 potions of resistance
Miscellaneous
 o - a phantom mirror
 s - a box of beasts
Comestibles
 e - 18 rations


   Skills:
 + Level 9.7 Fighting
 * Level 11.8 Axes
 - Level 2.1 Armour
 - Level 0.8 Dodging
 - Level 2.4 Shields
 + Level 10.2 Invocations


You had 10 spell levels left.
You didn't know any spells.
Your spell library contained the following spells:

 Spells                   Type           Power        Failure   Level  Hunger
 Shroud of Golubria       Chrm/Tloc      #.....       100%        2    ###....
 Gell's Gravitas          Tloc           #.........   100%        3    ####...
 Lesser Beckoning         Tloc           #.........   100%        3    ####...
 Teleport Other           Tloc           #.......     100%        3    ####...
 Passage of Golubria      Tloc           N/A          100%        4    #####..
 Blink                    Tloc           Unusable     N/A         2    N/A

Dungeon Overview and Level Annotations

Branches:
Dungeon (8/15)             Temple (0/1) D:6         Ossuary (visited)
 Bailey (visited)
   Lair: D:8-11

Altars:
Ashenzari
Dithmenos
Fedhas
Okawaru
Ru
Sif Muna
Trog
Xom
Yredelemnul
The Shining One

Annotations:
D:3 1 runed translucent door, Slobodan's ghost, amateur OgAM


Innate Abilities, Weirdness & Mutations

You cannot be hasted, slowed, berserked, paralysed or teleported.
You can dig through walls and to a lower floor.
Your four strong arms can wield two-handed weapons with a shield.
You have a pair of large antennae on your head. (SInv)


Message History

The death yak gores you but does no damage.
There is a stone staircase leading up, spattered with blood here.
The death yak gores you but does no damage.
You see here a +0 spear.
You barely miss the death yak. The death yak gores you!!
You barely miss the death yak.
The death yak gores you but does no damage.
You hit the death yak. You burn the death yak.
The death yak gores you but does no damage.
You slice the death yak!! You burn the death yak.
The death yak gores you but does no damage.
Your gold dragon scales of Disaster prevents you from hitting the death yak.
You block the death yak's attack.
The crimson imp blinks!
You slash the death yak! You burn the death yak. The death yak gores you!!
The death yak gores you.
* * * LOW HITPOINT WARNING * * *
Your gold dragon scales of Disaster prevents you from hitting the death yak.
The death yak gores you!
* * * LOW HITPOINT WARNING * * *
You see here a +0 spear.
Your gold dragon scales of Disaster prevents you from hitting the crimson imp.
You hit the death yak. You burn the death yak.
You are feeling hungry.
The crimson imp hits you but does no damage.
The death yak gores you!
* * * LOW HITPOINT WARNING * * *
The crimson imp hits you but does no damage.
You see here a +0 spear.
The crimson imp hits you but does no damage.
There is a stone staircase leading up here.
The crimson imp blinks!
You see here a bullfrog corpse.
The crimson imp laughs crazily.
The crimson imp blinks!
The crimson imp hits you.
* * * LOW HITPOINT WARNING * * *
You block the crimson imp's attack.
You miss the crimson imp.
The crimson imp shouts, "Slither home, thou feckless unchin-snouted tinkerer!"
The crimson imp hits you but does no damage.
You completely miss the crimson imp.
The crimson imp blinks!
You slash the crimson imp!
The crimson imp sputters.
The crimson imp hits you but does no damage.
The crimson imp hits you but does no damage.
The crimson imp blinks!
You closely miss the crimson imp. You slash the death yak!
You burn the death yak. The death yak gores you!!
You die...

#.# ##Ya#####>##.#
#. #######..# #.##.#
........Y#####.##.#
#######...........#
########.#####.####
#........a.a.....#
.#####.####Y###.##
#..#....Y..#..#
##.###..#....@..#..#
#......####.5.####.#
#.####..#.......#..#
#..#...#...#..# #.#
#..###+#+###..# #.#
##.....#.....## #.#
#.a.#.#.#..(# #.#
#...#####...# #.#
#...#_#.#...#


You could see 2 death yaks, a worker ant and a crimson imp.

Vanquished Creatures
  An ogre mage (D:7)
  A death yak (D:8)
  2 deep elf magi (D:7)
  2 hippogriffs
  A spriggan (D:7)
  Grum (D:8)
  9 orc warriors
  A sky beast (D:8)
  An ogre (D:7)
  A phantom (D:7)
  A black bear (D:7)
  2 wolves (D:8)
  2 centaurs
  A big kobold (D:7)
  4 bullfrogs
  2 scorpions (D:7)
  4 killer bees
  5 wights (D:6)
  3 howler monkeys (D:8)
  A centaur zombie (Ossuary)
  4 orc priests
  2 hounds
  2 gnoll shamans
  A jelly (D:5)
  Jessica (D:2)
  3 iguanas
  10 orc wizards
  2 worker ants
  3 big kobold zombies (Ossuary)
  2 mummies (Ossuary)
  12 adders
  14 gnolls
  3 oozes
  2 adder skeletons
  2 adder zombies
  4 worms
  2 dart slugs (D:1)
  3 leopard geckos
  48 orcs
  A ball python (D:5)
  5 bats
  3 giant cockroaches (D:1)
  13 hobgoblins
  6 jackals
  5 quokkas
  7 frilled lizards
  A gnoll zombie (Ossuary)
  11 goblins
  2 goblin zombies (Ossuary)
  3 hobgoblin zombies (Ossuary)
  4 kobolds
  A leopard gecko skeleton (D:5)
  4 orc zombies (Ossuary)
  A quokka zombie (D:5)
  8 rats
  A rat zombie (D:5)
241 creatures vanquished.

Vanquished Creatures (collateral kills)
  A bullfrog (D:6)
1 creature vanquished.

Vanquished Creatures (others)
  A wizard (D:7)
  A cyclops (D:7)
  2 orc warriors (Bailey)
  7 centaurs (Bailey)
  2 orcs (Bailey)
  9 plants (D:8)
22 creatures vanquished.

Grand Total: 264 creatures vanquished

Notes
Turn   | Place    | Note
-------+----------+-------------------------------------------
     0 | Abyss:1  | vurker the Formicid Abyssal Knight began the quest for the
                  | Orb.
     0 | Abyss:1  | Reached XP level 1. HP: 18/18 MP: 2/2
    71 | Abyss:1  | Noticed a ynoxinul
    72 | Abyss:1  | Noticed a large abomination
    81 | Abyss:1  | Noticed a large abomination
    83 | D:1      | Escaped the Abyss
   184 | D:1      | Reached XP level 2. HP: 24/24 MP: 3/3
   626 | D:1      | Reached XP level 3. HP: 29/29 MP: 4/4
   711 | D:1      | Reached ** piety under Lugonu
  1535 | D:2      | Reached skill level 3 in Axes
  1652 | D:2      | Reached XP level 4. HP: 24/37 MP: 6/6
  1836 | D:2      | Found a faded altar of an unknown god.
  1953 | D:2      | Found a blossoming altar of Fedhas.
  2464 | D:2      | Found a shimmering blue altar of Sif Muna.
  2624 | D:2      | Reached skill level 1 in Shields
  2945 | D:2      | Noticed Jessica
  2970 | D:2      | Killed Jessica
  2970 | D:2      | Reached XP level 5. HP: 31/42 MP: 7/7
  3791 | D:3      | Reached skill level 4 in Axes
  3794 | D:3      | Reached XP level 6. HP: 4/48 MP: 8/8
  3796 | D:3      | HP: 2/48 [orc/+0 dagger (3)]
  4100 | D:3      | Found a runed translucent door.
  4156 | D:3      | Noticed Slobodan's ghost (amateur OgAM)
  4912 | D:4      | Got an ancient battleaxe
  4926 | D:3      | Reached *** piety under Lugonu
  4928 | D:3      | Identified the +11 battleaxe of Irrepressible Laughter
                  | {flame, rPois SInv} (You found it on level 4 of the
                  | Dungeon)
  5176 | D:4      | Found a bloodstained altar of Trog.
  5523 | D:4      | Reached XP level 7. HP: 54/55 MP: 10/10
  5700 | D:5      | Entered Level 5 of the Dungeon
  5717 | D:5      | Found a sand-covered staircase.
  5734 | Ossuary  | Entered an ossuary
  5743 | Ossuary  | Reached skill level 5 in Axes
  5885 | Ossuary  | Reached skill level 5 in Fighting
  6031 | D:5      | Reached **** piety under Lugonu
  6106 | D:5      | Reached skill level 5 in Invocations
  6358 | D:5      | Found a shimmering blue altar of Sif Muna.
  6360 | D:5      | Found a shimmering altar of Xom.
  6360 | D:5      | Found a basalt altar of Yredelemnul.
  6362 | D:5      | Found a shimmering altar of Xom.
  6362 | D:5      | Found a shattered altar of Ashenzari.
  6362 | D:5      | Found a shimmering altar of Xom.
  6506 | D:5      | Found an iron altar of Okawaru.
  6688 | D:5      | Reached XP level 8. HP: 60/62 MP: 11/11
  6873 | D:6      | Reached skill level 6 in Axes
  6898 | D:6      | Found a staircase to the Ecumenical Temple.
  7095 | D:6      | Found a shattered altar of Ashenzari.
  7217 | D:6      | Found a shadowy altar of Dithmenos.
  7656 | D:7      | Found a glowing golden altar of the Shining One.
  7659 | D:7      | Found a bloodstained altar of Trog.
  7685 | D:6      | Reached skill level 7 in Axes
  7942 | D:7      | Noticed a deep elf mage
  7944 | D:7      | Noticed a cyclops
  7947 | D:7      | Reached XP level 9. HP: 35/70 MP: 13/13
  7991 | D:7      | Banished a cyclops
  8131 | D:7      | Killed a deep elf mage
  8131 | D:7      | Reached skill level 8 in Axes
  8480 | D:7      | Reached skill level 9 in Axes
  8631 | D:7      | Reached ***** piety under Lugonu
  8675 | D:7      | Noticed a deep elf mage
  8677 | D:7      | Noticed a wizard
  8677 | D:7      | Noticed an ogre mage
  8697 | D:7      | Killed a deep elf mage
  8697 | D:7      | Reached XP level 10. HP: 80/80 MP: 14/16
  8698 | D:7      | Banished a wizard
  8719 | D:7      | Killed an ogre mage
  8719 | D:7      | Reached skill level 10 in Axes
  8803 | D:7      | Got a heavily runed platinum ring
  8836 | D:7      | Identified the ring of Ijoigas {Fire Int+2 Stlth+} (You
                  | found it on level 7 of the Dungeon)
  9069 | D:8      | Noticed a death yak
  9069 | D:8      | Noticed a death yak
  9299 | D:8      | Found a flagged portal.
  9311 | Bailey   | Entered a bailey
  9629 | Bailey   | Reached skill level 11 in Axes
  9988 | Bailey   | Reached XP level 11. HP: 64/89 MP: 18/18
 11059 | D:8      | Identified a scroll of acquirement
 11062 | D:8      | Got ichor-stained gold dragon scales
 11073 | D:8      | Identified the +0 gold dragon scales of Disaster {*Corrode
                  | +Blink rElec rPois rF+ rC+ Stlth+} (You acquired it on
                  | level 8 of the Dungeon)
 11173 | D:8      | Found a sacrificial altar of Ru.
 11215 | D:8      | Noticed Grum
 11225 | D:8      | Killed Grum
 11225 | D:8      | Reached skill level 10 in Invocations
 11428 | D:8      | Noticed a death yak
 11444 | D:8      | Killed a death yak
 11754 | D:8      | Slain by a death yak

Levels and vault maps discovered:
D:1:      onia_arrival_larder, layout_loops_cross, minmay_misc_feat_tower,
          st_stairs_9
D:2:      layout_loops_ring, lemuel_doored_altar, lemuel_blue_sif_altar,
          chequers_ecumenical_altar_simple_redux, grunt_ministairs_5,
          roderic_roman_lattice, uniq_jessica
D:3:      layout_loops_ring, ebering_ghost_reflecting_pool, first_ration,
          grunt_ministairs_4
D:4:      layout_basic, bloody_trog
D:5:      layout_basic, lemuel_crystal_altar, enter_ossuary_4,
          doesnt_xom_only_xom
D:6:      layout_basic, nicolae_dithmenos_the_darkroom, ashenzari_altar_1,
          minmay_temple_entry_statues_pillars
D:7:      layout_rooms, grunt_temple_overflow_open, the_bakery,
          minmay_the_grid_2x2 [minmay_the_grid_tri_star, minmay_the_grid_rooms,
          minmay_the_grid_outer_circle, minmay_the_grid_prize_trominoes]
D:8:      layout_loops_ring, dpeg_lair_monsters, enter_bailey_3,
          serial_bayou_lagoon_a, hangedman_ru_absence, uniq_grum

Skill      XL: |  1  2  3  4  5  6  7  8  9 10 11 |
---------------+----------------------------------+-----
Axes           | 3 4 5 7 9 11 | 11.8
Invocations    | 3 4 5 6 8 9 10 | 10.2
Shields        | 1 2 |  2.4
Fighting       | 4 5 6 8 9 |  9.7
Armour         | |  2.1
Dodging        | |  0.8

Action                   |  1- 3 |  4- 6 |  7- 9 | 10-12 || total
-------------------------+-------+-------+-------+-------++-------
Melee: Hand axe          |   105 |   243 |       |       ||   348
       Battleaxe         |       |    18 |   153 |   142 ||   313
Invok: Banish            |       |       |     1 |    15 ||    16
       Bend Space        |       |       |       |     1 ||     1
  Use: Potion            |       |     1 |       |       ||     1
       Scroll            |       |    11 |     7 |     1 ||    19
 Stab: Sleeping          |       |     2 |       |       ||     2
  Eat: Chunk             |     1 |    14 |    10 |    14 ||    39
Armor: Leather armour    |    21 |    24 |       |       ||    45
       Ring mail         |       |    25 |    18 |       ||    43
       Plate armour      |       |       |    18 |    88 ||   106
       Gold dragon scale |       |       |       |    30 ||    30
Dodge: Dodged            |    58 |   109 |    49 |    53 ||   269
Block: Buckler           |       |    47 |    35 |    47 ||   129

Table legend:
 A = Non-vault XP
 B = Vault XP
 C = Vault XP percentage of total XP
 D = Non-vault monster count
 E = Vault monster count
 F = Vault count percentage of total count
                 A         B        C        D         E       F
            +---------+---------+-------+---------+---------+-------
      Total |    3523 |    7130 |  66.9 |     156 |      99 |  38.8
            +---------+---------+-------+---------+---------+-------
        D:1 |      29 |      13 |  31.0 |      16 |       9 |  36.0
        D:2 |      78 |      53 |  40.5 |      22 |       3 |  12.0
        D:3 |     147 |       7 |   4.5 |      26 |       2 |   7.1
        D:4 |     264 |       0 |   0.0 |      16 |       0 |   0.0
        D:5 |     310 |       2 |   0.6 |      18 |       2 |  10.0
        D:6 |     654 |       0 |   0.0 |      15 |       0 |   0.0
        D:7 |    1142 |    3771 |  76.8 |      27 |      19 |  41.3
        D:8 |     899 |    1296 |  59.0 |      16 |       9 |  36.0
    Ossuary |       0 |     162 | 100.0 |       0 |      16 | 100.0
     Bailey |       0 |    1826 | 100.0 |       0 |      39 | 100.0
            +---------+---------+-------+---------+---------+-------
